 Dungeon Crawl Stone Soup version 0.31.0-4-g52a2dc7128 (webtiles) character file.

Game seed: 6558062388223460841

8040 SnakkuSnakku7 the Skirmisher (level 11, -1/75 HPs)
             Began as a Merfolk Earth Elementalist on Jan 22, 2024.
             Was a Plaything of Xom.
             Slain by a steam dragon (3 damage)
             ... on level 10 of the Dungeon.
             The game lasted 00:15:33 (8974 turns).

SnakkuSnakku7 the Skirmisher (MfEE)                 Turns: 8974, Time: 00:15:33

Health: -1/75      AC:  4    Str:  7    XL:     11   Next: 24%
Magic:  14/14      EV: 12    Int: 19    God:    Xom [.....*]
Gold:   520        SH:  0    Dex: 22    Spells: 14/14 levels left

rFire   . . .        a - +1 orcbow
rCold   . . .        (shield currently unavailable)
rNeg    . . .        l - +1 leather armour
rPois   +            (helmet restricted)
rElec   +            (no cloak)
rCorr   .            (no gloves)
SInv    .            (no boots)
Will    +....        (no amulet)
Stlth   ++           o - +6 ring of dexterity
HPRegen 0.32/turn    t - ring of willpower
MPRegen 0.14/turn

%: no passive effects
@: no status effects
A: (nimble swimmer 2), mertail, horns 1, iridescent scales 1, clever 1, clumsy
1, deformed body, poison resistance, electricity resistance, inability to drink
after injury 1
a: Renounce Religion


You were on level 10 of the Dungeon.
You worshipped Xom.
You were Xom's teddy bear.
You visited 1 branch of the dungeon, and saw 10 of its levels.

You collected 520 gold pieces.

Inventory:

Hand Weapons
 a - a +1 orcbow (weapon)
 q - a +0 sling
 y - a +0 shortbow
 I - a +1 sling of draining
Missiles
 h - 2 throwing nets
Armour
 d - a +3 scale mail
 l - a +1 leather armour (worn)
 w - a +0 buckler
Jewellery
 m - a ring of fire
 o - a +6 ring of dexterity (left hand)
 t - a ring of willpower (right hand)
 x - a ring of flight
 C - a ring of protection from cold
Wands
 n - a wand of iceblast (7)
Scrolls
 g - a scroll of revelation
 p - 3 scrolls of fog
 s - a scroll of vulnerability
 v - a scroll of summoning
 z - 3 scrolls of enchant armour
 B - 3 scrolls of teleportation
 F - a scroll of immolation
Potions
 b - a potion of magic
 c - 5 potions of curing
 e - a potion of lignification {unknown}
 i - a potion of invisibility {unknown}
 j - 4 potions of mutation {unknown}
 k - a potion of cancellation
 r - a potion of attraction
 E - a potion of resistance


   Skills:
 - Level 3.2 Fighting
 + Level 13.8 Ranged Weapons
 - Level 2.6 Dodging
 - Level 2.1 Stealth
 - Level 2.0 Spellcasting
 - Level 0.7 Conjurations
 - Level 3.1 Earth Magic


You had 14 spell levels left.
You didn't know any spells.
Your spell library contained the following spells:

 Spells                   Type           Power      Damage    Failure   Level
 Sandblast                Erth           26%        2d8       7%          1
 Passwall                 Erth           13%        N/A       21%         3
 Stone Arrow              Conj/Erth      18%        3d8       34%         3
 Sublimation of Blood     Necr           1%         N/A       36%         2
 Call Canine Familiar     Summ           1%         N/A       58%         3
 Sigil of Binding         Hex            1%         N/A       58%         3
 Tukima's Dance           Hex            1%         N/A       58%         3
 Brom's Barrelling Bould  Conj/Erth      9%         2d3       75%         4
 Petrify                  Alch/Erth      7%         N/A       78%         4
 Iskenderun's Mystic Bla  Conj/Tloc      3%         2d3       91%         4
 Dimensional Bullseye     Hex/Tloc       0%         N/A       94%         4
 Irradiate                Conj/Alch      1%         3d12      99%         5


Dungeon Overview and Level Annotations

Branches:
Dungeon (10/15)            Temple (0/1) D:4            Lair (0/5) D:9
    Orc: D:9-12

Altars:
Fedhas
Kikubaaqudgha
Sif Muna
Uskayaw
Xom
Yredelemnul
Zin
Jiyva

Shops:
D:4 =   D:7 =

Annotations:
D:4 2 transporters, ironsdan's ghost, amateur TeGl


Innate Abilities, Weirdness & Mutations

((You are very nimble when in or above water. (Stealth+, EV+, Speed+++)))
Your lower body shifts to a powerful aquatic tail in water.
You have a pair of small horns on your head.
You are partially covered in iridescent scales. (AC +2)
Your mind is acute. (Int +4, Str/Dex -1)
You are clumsy. (Dex -2)
Armour fits poorly on your strangely shaped body.
Your system is resistant to poisons. (rPois)
You are resistant to electric shocks. (rElec)
You occasionally lose the ability to drink potions when taking damage.


Message History

Unknown command.
Fire: a) +1 orcbow
Press: ? - help, Q - select action, (/) - cycle Shift-Dir - straight line, f - steam dragon
Aim: a steam dragon (steam, lightly wounded, 66% to hit)
You shoot an arrow. The arrow hits the steam dragon!
The steam dragon is heavily wounded.
The steam dragon breathes steam at you. The ball of steam hits you!
Fire: a) +1 orcbow
Press: ? - help, Q - select action, (/) - cycle Shift-Dir - straight line, f/p - steam dragon
Aim: a steam dragon (heavily wounded, catching its breath, 66% to hit)
You shoot an arrow.
The arrow closely misses the steam dragon.
You are engulfed in a cloud of scalding steam.
The steam dragon barely misses you. The steam dragon claws you.
* * * LOW HITPOINT WARNING * * *
You emit a cloud of colourful smoke!
Fire: a) +1 orcbow
Press: ? - help, Q - select action, (/) - cycle Shift-Dir - straight line, f/p - steam dragon
Aim: a steam dragon (magical condensation, heavily wounded, 66% to hit)
You shoot an arrow.
The arrow barely misses the steam dragon.
The steam dragon breathes steam at you. The ball of steam hits you!
* * * LOW HITPOINT WARNING * * *
Fire: a) +1 orcbow
Press: ? - help, Q - select action, (/) - cycle Shift-Dir - straight line, f/p - steam dragon
Aim: a steam dragon (magical condensation, heavily wounded, catching its breath, 66% to hit)
You shoot an arrow. The arrow hits the steam dragon!
The steam dragon is severely wounded.
Fire: a) +1 orcbow
Press: ? - help, Q - select action, (/) - cycle Shift-Dir - straight line, f/p - steam dragon
Aim: a steam dragon (magical condensation, severely wounded, catching its breath, 66% to hit)
You shoot an arrow.
The arrow barely misses the steam dragon.
The steam dragon bites you.
* * * LOW HITPOINT WARNING * * *
Xom thinks this is hilarious!
The steam dragon claws you.
You die...

########## #.#
...D.§)..# ..# #.#
..## #.# ...# #§#
...# #D# ...# #@#
...# #§# ...# #§#
..## #§#
..######### #.#
........... #.#
....############.#
....'............#
....##############


You could see a steam dragon (catching breath).

Vanquished Creatures
  A centaur warrior (D:8)
  A two-headed ogre (D:9)
  Pikel (D:5)
  18 yaks
  A warg (D:9)
  A steam dragon (D:8)
  A water moccasin (D:6)
  Duvessa (D:5)
  A black bear (D:5)
  An orc warrior (D:8)
  A sky beast (D:6)
  4 centaurs
  2 wolves (D:9)
  A lemure (D:5)
  3 kobold brigands
  6 bullfrogs
  A scorpion (D:5)
  A gnoll sergeant (D:6)
  7 wights
  Dowan (D:5)
  4 killer bees (D:8)
  8 howler monkeys
  A hound (D:5)
  5 orc priests
  2 gnoll boudas (D:6)
  4 jellies (D:9)
  2 sleepcaps
  4 iguanas
  5 orc wizards
  15 gnolls
  11 adders
  4 shadow imps
  2 white imps
  2 dart slugs
  2 ribbon worms
  17 orcs
  12 ball pythons
  9 endoplasms
  6 giant cockroaches
  10 goblins
  7 hobgoblins
  20 kobolds
  3 quokkas
  3 bats
  10 frilled lizards
  7 rats
229 creatures vanquished.

Vanquished Creatures (others)
  An orc wizard (D:3)
1 creature vanquished.

Grand Total: 230 creatures vanquished

Notes
Turn   | Place    | Note
-------+----------+-------------------------------------------
     0 | D:1      | SnakkuSnakku7 the Merfolk Earth Elementalist began the
                  | quest for the Orb.
     0 | D:1      | Reached XP level 1. HP: 13/13 MP: 3/3
    43 | D:1      | Reached skill level 1 in Fighting
    71 | D:1      | Reached XP level 2. HP: 21/21 MP: 1/5
   304 | D:1      | Found a faded altar of an unknown god.
   311 | D:1      | Prayed at the altar of an unknown god.
   311 | D:1      | Became a worshipper of Xom of Chaos
   311 | D:1      | XOM: smoke on damage
   330 | D:1      | Reached XP level 3. HP: 15/27 MP: 6/6
   480 | D:1      | XOM: potion effect (heal wounds)
   484 | D:1      | XOM: silly message
   497 | D:1      | XOM: divination: detect items
   721 | D:1      | Reached skill level 1 in Ranged Weapons
  1021 | D:2      | Reached XP level 4. HP: 32/34 MP: 2/7
  1504 | D:3      | XOM: silly message
  1513 | D:3      | Reached XP level 5. HP: 32/41 MP: 8/8
  1626 | D:3      | Reached skill level 2 in Ranged Weapons
  1638 | D:3      | HP: 2/41 [gnoll/+0 whip (9)]
  1876 | D:3      | XOM: noise
  1880 | D:3      | Reached skill level 3 in Ranged Weapons
  2024 | D:4      | Found a transporter.
  2024 | D:4      | Noticed ironsdan's ghost (amateur TeGl)
  2032 | D:4      | Found Yjor's Jewellery Boutique.
  2051 | D:4      | Found a transporter.
  2054 | D:4      | Identified the +1 spear "Bemog" {holy, rC+ rN+}
  2063 | D:4      | XOM: potion effect (invisibility)
  2072 | D:4      | Reached XP level 6. HP: 47/47 MP: 9/9
  2169 | D:4      | XOM: 2-stop teleportation journey
  2171 | D:4      | XOM: silly message
  2263 | D:4      | XOM: confusion
  2264 | D:4      | XOM: silly message
  2272 | D:4      | Reached skill level 4 in Ranged Weapons
  2388 | D:4      | Found a transporter.
  2492 | D:4      | Found a transporter.
  2527 | D:4      | XOM: give mutation
  2527 | D:4      | Gained mutation: You are clumsy. (Dex -2) [Xom's mischief]
  2652 | D:4      | XOM: summons 1 hostile shadow creature
  2661 | D:4      | Reached XP level 7. HP: 50/52 MP: 10/10
  2745 | D:4      | Found a staircase to the Ecumenical Temple.
  2928 | D:5      | Entered Level 5 of the Dungeon
  3018 | D:5      | Reached skill level 5 in Ranged Weapons
  3499 | D:5      | Noticed Pikel
  3675 | D:5      | XOM: give mutations
  3675 | D:5      | Gained mutation: You have a pair of small horns on your
                  | head. [Xom's mischief]
  3675 | D:5      | Gained mutation: You have hidden genetic potential. [Xom's
                  | mischief]
  3680 | D:5      | Killed Pikel
  3681 | D:5      | Reached skill level 7 in Ranged Weapons
  3681 | D:5      | Reached XP level 8. HP: 34/58 MP: 11/11
  3697 | D:5      | Gained mutation: You have a somewhat thin skeletal
                  | structure. (Dex +2, Stealth+) [hidden potential]
  3795 | D:5      | Noticed Dowan
  3796 | D:5      | Noticed Duvessa
  3818 | D:5      | XOM: stat loss: -1 Dex (21/22)
  3851 | D:5      | Killed Dowan
  3880 | D:5      | XOM: give mutation
  3880 | D:5      | Gained mutation: You occasionally lose the ability to drink
                  | potions when taking damage. [Xom's mischief]
  4214 | D:6      | XOM: 1-stop teleportation journey
  4260 | D:6      | Reached skill level 8 in Ranged Weapons
  4301 | D:6      | Found a hide-covered altar of Uskayaw.
  4339 | D:6      | XOM: cleaving
  4369 | D:6      | Found a shimmering altar of Xom.
  4374 | D:6      | Found an ancient bone altar of Kikubaaqudgha.
  4381 | D:6      | Found a blossoming altar of Fedhas.
  4385 | D:6      | Found a shimmering blue altar of Sif Muna.
  4398 | D:6      | Found a glowing silver altar of Zin.
  4458 | D:6      | XOM: give mutations
  4458 | D:6      | Gained mutation: Armour fits poorly on your strangely
                  | shaped body. [Xom's mischief]
  4458 | D:6      | Gained mutation: Your mind is acute. (Int +4, Str/Dex -1)
                  | [Xom's mischief]
  4458 | D:6      | Lost mutation: You have a somewhat thin skeletal structure.
                  | (Dex +2, Stealth+) [Xom's mischief]
  4622 | D:6      | Reached XP level 9. HP: 12/58 MP: 12/12
  4854 | D:6      | XOM: give mutations
  4854 | D:6      | Gained mutation: You are vulnerable to heat. (rF-) [Xom's
                  | mischief]
  4854 | D:6      | Gained mutation: You are resistant to electric shocks.
                  | (rElec) [Xom's mischief]
  4854 | D:6      | Lost mutation: You are vulnerable to heat. (rF-) [Xom's
                  | mischief]
  4861 | D:6      | Identified the +6 hand axe "Vyath" {holy, rPois Int+5
                  | Dex+2}
  4879 | D:6      | Reached skill level 9 in Ranged Weapons
  5114 | D:5      | Killed Duvessa
  5195 | D:5      | XOM: divination: magic mapping
  5204 | D:5      | Gained mutation: You are partially covered in iridescent
                  | scales. (AC +2) [hidden potential]
  5204 | D:5      | Lost mutation: You have hidden genetic potential. [hidden
                  | potential expressed]
  5297 | D:7      | Found Ulid's Jewellery Shoppe.
  5377 | D:6      | XOM: divination: detect creatures
  5380 | D:6      | XOM: confuse monster(s)
  5515 | D:6      | XOM: potion effect (attraction)
  5610 | D:6      | XOM: noise
  5774 | D:7      | Reached skill level 10 in Ranged Weapons
  5814 | D:7      | XOM: divination: magic mapping
  5843 | D:7      | XOM: potion effect (heal wounds)
  6156 | D:7      | XOM: noise
  6161 | D:7      | XOM: potion effect (attraction)
  6184 | D:6      | XOM: divination: detect items
  6207 | D:6      | Reached skill level 11 in Ranged Weapons
  6215 | D:6      | XOM: silly message
  6320 | D:7      | XOM: noise
  6321 | D:7      | HP: 3/64 [yak (10)]
  6338 | D:7      | Reached XP level 10. HP: 18/70 MP: 13/13
  6596 | D:7      | XOM is BORED!
  6596 | D:7      | XOM: noise
  6771 | D:7      | XOM: cloud trail
  6908 | D:8      | Noticed a centaur warrior
  6911 | D:8      | XOM: potion effect (curing)
  6929 | D:8      | XOM: silly message
  6932 | D:8      | HP: 2/70 [centaur warrior (4)]
  6933 | D:8      | Killed a centaur warrior
  7087 | D:8      | XOM is BORED!
  7087 | D:8      | XOM: silly message
  7225 | D:8      | Identified the +1 chain mail "Yjesoj" {Dex+2}
  7434 | D:8      | XOM: silly message
  7501 | D:8      | XOM: divination: magic mapping
  7528 | D:8      | Reached skill level 12 in Ranged Weapons
  7565 | D:8      | XOM: potion effect (invisibility)
  7613 | D:8      | XOM is BORED!
  7613 | D:8      | XOM: silly message
  7804 | D:9      | Found a basalt altar of Yredelemnul.
  7907 | D:9      | XOM is BORED!
  7907 | D:9      | XOM: noise
  7912 | D:9      | XOM: noise
  8098 | D:8      | XOM: silly message
  8263 | D:9      | XOM: divination: detect items
  8362 | D:9      | Reached skill level 13 in Ranged Weapons
  8387 | D:9      | XOM: potion effect (invisibility)
  8518 | D:9      | Found a staircase to the Lair.
  8603 | D:9      | Reached XP level 11. HP: 68/75 MP: 14/14
  8636 | D:9      | Noticed a two-headed ogre
  8645 | D:9      | Killed a two-headed ogre
  8722 | D:9      | XOM: confuse monster(s)
  8738 | D:9      | Found a viscous altar of Jiyva.
  8743 | D:9      | XOM: give mutation
  8743 | D:9      | Gained mutation: Your system is resistant to poisons.
                  | (rPois) [Xom's grace]
  8907 | D:10     | Entered Level 10 of the Dungeon
  8971 | D:10     | XOM: smoke on damage
  8974 | D:10     | HP: 2/75 [steam dragon (6)]
  8974 | D:10     | Slain by a steam dragon

Illustrated notes

Levels and vault maps discovered:
D:1:      reono_arrival_forest_river, layout_basic,
          nicolae_ecumenical_snake_handling, minmay_tall_x
D:2:      layout_basic, minmay_misc_feat_room, nicolae_the_louvre
D:3:      layout_rooms
D:4:      gammafunk_wand_slinger, layout_basic, temple_doors_cd, serial_shops,
          shop, gammafunk_ghost_arena, lexackson_kobold_supper
D:5:      black_bear_nest_1, layout_loops_ring, uniq_pikel, uniq_duvessa
D:6:      layout_loops_ring, overflow_temple_1_default,
          minmay_overflow_temple_star_hex
D:7:      layout_gridville, serial_shops, shop
D:8:      layout_loops_cross
D:9:      layout_roguey, mainiacjoe_overflow_paths, erik_lair_orcish_takeover,
          jiyva_altar_1
D:10:     layout_basic, serial_rivers, chequers_serial_rivers_small_b,
          chequers_serial_rivers_micro_b, chequers_serial_rivers_micro_e,
          chequers_serial_rivers_micro_c, chequers_serial_rivers_large_b,
          uniq_fannar

Skill      XL: |  1  2  3  4  5  6  7  8  9 10 |
---------------+-------------------------------+-----
Fighting       | 1 2 3 |  3.2
Ranged Weapons | 1 3 4 7 8 11 13 | 13.8
Earth Magic    | 3 |  3.1
Dodging        | |  2.6
Stealth        | |  2.1
Spellcasting   | |  2.0
Conjurations   | |  0.7

Action                     |  1- 3 |  4- 6 |  7- 9 | 10-12 || total
---------------------------+-------+-------+-------+-------++-------
  Melee: Unarmed           |     4 |       |       |       ||     4
   Fire: Sling             |    87 |   166 |   364 |   211 ||   828
         Orcbow            |       |       |       |    54 ||    54
   Cast: Sandblast         |     8 |       |       |       ||     8
  Evoke: Wand              |       |     4 |    17 |     7 ||    28
    Use: Scroll            |       |       |     7 |    13 ||    20
         Potion            |       |       |     2 |     3 ||     5
   Stab: Sleeping          |     1 |       |       |       ||     1
 Armour: Robe              |    34 |       |       |       ||    34
         Leather armour    |     5 |    47 |   142 |    79 ||   273
  Dodge: Dodged            |    36 |    62 |    92 |    65 ||   255
  Block: Buckler           |       |    11 |    45 |    31 ||    87
